 Dungeon Crawl Stone Soup version 0.21.1-1-g345015f (console) character file.

1951 fly the Chopper (level 9, -1/54 HPs)
             Began as a Tengu Fighter on June 4, 2018.
             Was a Believer of Okawaru.
             Shot with a sling bullet by Joseph (8 damage)
             ... on level 7 of the Dungeon.
             The game lasted 00:12:48 (6942 turns).

fly the Chopper (Tengu Fighter)                     Turns: 6942, Time: 00:12:49

Health: -1/54      AC:  8    Str: 17    XL:     9   Next: 18%
Magic:  10/10      EV: 11    Int:  9    God:    Okawaru [**....]
Gold:   259        SH: 10    Dex: 16    Spells: 8/8 levels left

rFire    . . .     SeeInvis +   a - +0 war axe
rCold    . . .     Gourm    .   e - +0 shield
rNeg     . . .     Faith    .   y - +0 scale mail
rPois    .         Spirit   .   (helmet restricted)
rElec    .         Reflect  .   (no cloak)
rCorr    .         Harm     .   r - +0 pair of gloves
MR       .....                  (boots unavailable)
Stlth    +.........             (no amulet)
HPRegen  0.18/turn              i - ring of see invisible
MPRegen  0.12/turn              w - ring of stealth

@: no status effects
A: beak, talons 3, able to fly 1
a: Fly, Heroism, Renounce Religion


You were on level 7 of the Dungeon.
You worshipped Okawaru.
Okawaru was pleased with you.
You were not hungry.

You visited 2 branches of the dungeon, and saw 8 of its levels.

You collected 259 gold pieces.

Inventory:

Hand Weapons
 a - a +0 war axe (weapon)
Armour
 e - a +0 shield (worn)
 r - a +0 pair of gloves (worn)
 y - a +0 scale mail (worn)
Jewellery
 i - a ring of see invisible (left hand)
 w - a ring of stealth (right hand)
 A - an uncursed ring of magical power
Wands
 t - a wand of iceblast (3)
 u - a wand of enslavement (20)
Scrolls
 b - a scroll of acquirement {unknown}
 c - 2 scrolls of enchant weapon {unknown}
 d - 3 scrolls of blinking
 g - 3 scrolls of magic mapping
 k - a scroll of fog {unknown}
 m - 4 scrolls of teleportation
 o - 6 scrolls of remove curse
 p - 2 scrolls of fear {unknown}
 q - a scroll of noise {unknown}
 x - a scroll of immolation {unknown}
Potions
 h - a potion of cancellation
 j - a potion of ambrosia
 s - 2 potions of lignification
 v - a potion of magic
 z - a potion of degeneration
 B - a potion of curing
 D - a potion of flight
Books
 n - a book of Changes

   Spells                             Type                      Level
   a - Beastly Appendage              Transmutation                1
   b - Sticks to Snakes               Transmutation                2
   c - Spider Form                    Transmutation/Poison         3
   d - Ice Form                       Ice/Transmutation            4
   e - Blade Hands                    Transmutation                5
Comestibles
 f - 15 rations


   Skills:
 + Level 5.4 Fighting
 + Level 6.7 Axes
 - Level 6.0 Armour
 - Level 6.1 Dodging
 - Level 6.0 Shields


You had 8 spell levels left.
You didn't know any spells.

Dungeon Overview and Level Annotations

Branches:
Dungeon (7/15)             Temple (1/1) D:5

Altars:
Ashenzari
Cheibriados
Dithmenos
Elyvilon
Fedhas
Gozag
Hepliaklqana
Kikubaaqudgha
Makhleb
Nemelex Xobeh
Okawaru
Qazlal
Ru
Sif Muna
Trog
Uskayaw
Vehumet
Wu Jian
Xom
Yredelemnul
The Shining One

Annotations:
D:7 Joseph


Innate Abilities, Weirdness & Mutations

You have a beak for a mouth.
You have claws for feet.
You can fly.


Message History

The orc wizard resists with some effort.
The orc wizard closely misses you.
Evoke which item? (* to show all) (? for menu, Esc to quit)
Aiming: Enslavement
Press: ? - help, Shift-Dir - straight line, f/p - orc wizard
Aim: an orc wizard, wielding a dagger and wearing a robe (chance to defeat MR: 46%)
The orc wizard is charmed.
The gnoll barely misses your orc wizard.
What are your orders? t - Shout!
Orders for allies: a - Attack new target. p - Attack previous target. r - Retreat! s - Stop attacking. g - Guard the area. f - Follow me.
Anything else - Cancel.
Gang up on whom?
Press: ? - help, Dir - move target cursor, f - Joseph, p - orc wizard
Aim: Joseph, wielding a hunting sling of velocity and wearing a ring mail (lightly wounded) Attack!
The gnoll misses your orc wizard.
Joseph shoots a sling bullet.
The sling bullet hits you!
You die...

####.##.# #. ###
######.......######.
#>......................
#...######.@.(#########.
.........#.#..#### #.
#.#....#.#)....... #.
.......g...).##########.
.......o...).(.......(..
.(#...@.#.#.###########
##.###.......# ..#
####..### #.# #...#
#.### #...# #.
#(@.##@...#
#...#)#.##....#
#...(†.(......#
#######<......#


You could see Joseph, a gnoll and a friendly orc wizard.

Vanquished Creatures
  Duvessa (D:5)
  2 phantoms (D:4)
  A black bear (D:6)
  2 ice beasts (D:6)
  3 ogres
  A centaur (D:5)
  Blork the orc (D:4)
  A big kobold (D:7)
  2 bullfrogs
  Dowan (D:5)
  A howler monkey (D:5)
  3 crimson imps
  The ghost of glosham the Bolt Thrower, a weakling VSHu (D:4)
  A bullfrog zombie (D:3)
  3 hounds
  2 orc wizards
  3 worker ants
  A mummy (D:6)
  3 hound skeletons
  Robin (D:4)
  3 gnolls
  9 adders
  An ooze (D:3)
  2 dart slugs (D:1)
  5 leopard geckos
  12 orcs
  2 ball pythons (D:2)
  8 giant cockroaches
  19 goblins
  3 hobgoblins
  12 jackals
  12 kobolds
  3 quokkas
  10 bats
  4 frilled lizards
  A hobgoblin zombie (D:6)
  3 orc zombies (D:6)
  A quokka zombie (D:5)
  11 rats
155 creatures vanquished.

Vanquished Creatures (others)
  2 gnolls (D:7)
  4 toadstools (D:1)
6 creatures vanquished.

Grand Total: 161 creatures vanquished

Notes
Turn   | Place    | Note
-------+----------+-------------------------------------------
     0 | D:1      | fly the Tengu Fighter began the quest for the Orb.
     0 | D:1      | Reached XP level 1. HP: 14/14 MP: 2/2
   117 | D:1      | Reached XP level 2. HP: 18/19 MP: 3/3
   135 | D:1      | Reached skill level 1 in Dodging
   271 | D:1      | Reached XP level 3. HP: 17/23 MP: 4/4
   925 | D:2      | Reached XP level 4. HP: 24/28 MP: 5/5
  1651 | D:3      | Gained mutation: You can fly. [Tengu growth]
  1651 | D:3      | Reached XP level 5. HP: 21/32 MP: 6/6
  2207 | D:3      | You fall through a shaft for 2 floors!
  2207 | D:5      | Entered Level 5 of the Dungeon
  2221 | D:5      | Found a staircase to the Ecumenical Temple.
  2251 | Temple   | Entered the Ecumenical Temple
  2388 | Temple   | Became a worshipper of Warmaster Okawaru
  2477 | D:5      | Reached XP level 6. HP: 32/37 MP: 7/7
  2608 | D:5      | Noticed Duvessa
  2610 | D:5      | Noticed Dowan
  2612 | D:4      | Noticed Blork the orc
  2625 | D:4      | Killed Blork the orc
  2627 | D:4      | Noticed a phantom
  2897 | D:3      | Found a burning altar of Makhleb.
  3043 | D:4      | Noticed Robin
  3044 | D:4      | Noticed glosham's ghost (weakling VSHu)
  3081 | D:4      | Killed Robin
  3089 | D:4      | Killed glosham's ghost
  3089 | D:4      | Reached XP level 7. HP: 15/41 MP: 8/8
  3687 | D:4      | Reached skill level 5 in Armour
  3687 | D:4      | Reached skill level 5 in Dodging
  3779 | D:4      | Reached * piety under Okawaru
  4216 | D:5      | Reached skill level 5 in Shields
  4244 | D:5      | Reached skill level 5 in Axes
  4244 | D:5      | Reached XP level 8. HP: 15/46 MP: 9/9
  4700 | D:5      | Killed Duvessa
  4700 | D:5      | Killed Dowan
  5542 | D:6      | Found a hide-covered altar of Uskayaw.
  5547 | D:6      | Reached ** piety under Okawaru
  6274 | D:6      | Reached XP level 9. HP: 53/53 MP: 10/10
  6284 | D:7      | Noticed Joseph
  6309 | D:7      | Reached skill level 5 in Fighting
  6942 | D:7      | Shot with a sling bullet by Joseph

Skill      XL: |  1  2  3  4  5  6  7  8  9 |
---------------+----------------------------+-----
Dodging        | 1 2 3 4 5 6 |  6.1
Axes           | 3 4 5 6 |  6.7
Armour         | 4 5 6 |  6.0
Shields        | 4 5 6 |  6.0
Fighting       | 4 5 |  5.4

Action                   |  1- 3 |  4- 6 |  7- 9 || total
-------------------------+-------+-------+-------++-------
Melee: War axe           |    72 |   142 |   215 ||   429
       Kick              |    20 |    39 |    72 ||   131
       Peck              |    12 |    14 |    58 ||    84
Evoke: Wand              |       |       |     8 ||     8
  Use: Potion            |       |     1 |     2 ||     3
       Scroll            |       |       |    10 ||    10
 Stab: Sleeping          |       |       |     1 ||     1
  Eat: Chunk             |       |     6 |    14 ||    20
Armor: Scale mail        |    35 |    61 |    65 ||   161
       Skin              |       |       |     2 ||     2
Dodge: Dodged            |    21 |    62 |    77 ||   160
Block: Shield            |    39 |    96 |   116 ||   251
